 Dungeon Crawl Stone Soup version 0.30.0-17-ge0270778cf (webtiles) character file.

Game seed: 16070997852852565052

39449 ripuliukko the Eclecticist (level 13, 0/68 HPs)
             Began as a Deep Elf Earth Elementalist on May 21, 2023.
             Was an Elder of Vehumet.
             Killed from afar by a rime drake (9 damage)
             ... with an icy flash freeze
             ... on level 2 of the Lair of Beasts.
             The game lasted 00:38:50 (18362 turns).

ripuliukko the Eclecticist (DEEE)                  Turns: 18362, Time: 00:38:50

Health: 0/68       AC: 12    Str:  8    XL:     13   Next: 69%
Magic:  7/43       EV: 18    Int: 28    God:    Vehumet [****..]
Gold:   834        SH:  0    Dex: 19    Spells: 13/42 levels left

rFire   . . .        c - +0 dagger (elec)
rCold   + . .        (no shield)
rNeg    . . .        N - +1 leather armour of the Pirate {rC+ SInv Stlth+}
rPois   +            L - +2 helmet
rElec   .            H - +1 cloak
rCorr   .            s - +1 pair of gloves of Servitude {rPois Str+3}
SInv    +            (no boots)
Will    +....        z - amulet of magic regeneration
Stlth   ++++         r - ring "Gicybeig" {rPois MP+9 Int+2 Dex+4}
HPRegen 0.31/turn    F - +5 ring of evasion
MPRegen 0.68/turn

%: no passive effects
@: no status effects
A: no striking features
a: Renounce Religion


You were on level 2 of the Lair of Beasts.
You worshipped Vehumet.
Vehumet was greatly pleased with you.
You visited 3 branches of the dungeon, and saw 16 of its levels.
You also visited: Sewer and Bailey.

You collected 857 gold pieces.
You spent 23 gold pieces at shops.

Inventory:

Hand Weapons
 c - a +0 dagger of electrocution (weapon)
 q - a +3 dagger of draining
Missiles
 e - a throwing net
 o - 26 poisoned darts
Armour
 s - the +1 pair of gloves of Servitude (worn) {rPois Str+3}
   (You found it on level 3 of the Dungeon)

   Str:       It affects your strength (+3).
   rPois:     It protects you from poison.
 u - the +1 robe of Hiss {rF+ Str+3}
   (You found it on level 4 of the Dungeon)

   Str:       It affects your strength (+3).
   rF:        It protects you from fire.
 H - a +1 cloak (worn)
 I - the +3 hat of Pondering {ponderous, Will+ MP+10 Int+5}
   (You took it off Gastronok on level 8 of the Dungeon)

   Int:       It affects your intelligence (+5).
   MP:        It affects your magic capacity (+10).
   Will:      It increases your willpower.
 L - a +2 helmet (worn)
 N - the +1 leather armour of the Pirate (worn) {rC+ SInv Stlth+}
   (You found it on level 10 of the Dungeon)

   rC:        It protects you from cold.
   SInv:      It lets you see invisible.
   Stlth:     It makes you more stealthy.
Magical Staves
 a - a staff of conjuration
 b - a staff of earth
 Q - a staff of death
Jewellery
 r - the ring "Gicybeig" (left hand) {rPois MP+9 Int+2 Dex+4}
   (You acquired it on level 5 of the Dungeon)

   [ring of magical power]

   Int:       It affects your intelligence (+2).
   Dex:       It affects your dexterity (+4).
   rPois:     It protects you from poison.
   MP:        It affects your magic capacity (+9).
 t - a ring of ice
 z - an amulet of magic regeneration (around neck)
 F - a +5 ring of evasion (right hand)
Wands
 g - a wand of paralysis (1)
 y - a wand of flame (20)
 A - a wand of iceblast (11)
Scrolls
 i - a scroll of summoning
 j - 2 scrolls of amnesia
 n - 3 scrolls of teleportation
 p - 2 scrolls of fog
 w - 2 scrolls of enchant armour
 x - a scroll of brand weapon
 K - 3 scrolls of immolation
 P - a scroll of magic mapping
Potions
 d - 3 potions of flight
 f - 5 potions of curing
 h - 7 potions of might
 k - 2 potions of ambrosia
 l - a potion of lignification {unknown}
 m - 2 potions of resistance
 v - 3 potions of cancellation
 B - a potion of invisibility
 C - 2 potions of brilliance
 D - 3 potions of haste
 E - 5 potions of magic
 G - 2 potions of attraction
 J - 3 potions of berserk rage
 M - 2 potions of mutation


   Skills:
 * Level 3.1 Fighting
 + Level 2.4 Short Blades
 + Level 3.0 Staves
 + Level 0.1 Throwing
 * Level 4.1 Armour
 + Level 3.8 Dodging
 + Level 3.6 Stealth
 + Level 15.3 Spellcasting
 * Level 10.7 Conjurations
 + Level 1.3 Translocations
 + Level 1.1 Transmutations
 * Level 9.3 Fire Magic
 * Level 4.2 Air Magic
 + Level 12.5 Earth Magic
 * Level 8.6 Evocations


You had 13 spell levels left.
You knew the following spells:

 Your Spells              Type           Power      Damage    Failure   Level
a - Sandblast             Erth           100%       2d20      0%          1
b - Swiftness             Air            45%        N/A       1%          3
e - Iskenderun's Mystic   Conj/Tloc      53%        2d11      1%          4
i - Ignite Poison         Fire/Tmut/Pois 41%        N/A       1%          3
p - Iskenderun's Battles  Conj           69%        2d12      1%          5
q - Stone Arrow           Conj/Erth      100%       3d13      1%          3
t - Airstrike             Air            22%        2d(4-20)  1%          4
w - Starburst             Conj/Fire      33%        6d10      2%          6

Your spell library contained the following spells:

 Spells                   Type           Power      Damage    Failure   Level
 Magic Dart               Conj           100%       1d8       1%          1
 Shock                    Conj/Air       100%       1d9       1%          1
 Passwall                 Tmut/Erth      46%        N/A       1%          2
 Searing Ray              Conj           100%       2d8       1%          2
 Static Discharge         Conj/Air       100%       2-7/arc   1%          2
 Dazzling Flash           Conj/Hex       100%       N/A       1%          3
 Volatile Blastmotes      Fire/Tloc      100%       2d18      1%          3
 Fulminant Prism          Conj/Hex       25%        3d14      1%          4
 Petrify                  Tmut/Erth      56%        N/A       1%          4
 Necrotise                Necr           84%        1d8       3%          1
 Ozocubu's Armour         Ice            21%        N/A       10%         3
 Vampiric Draining        Necr           21%        2d7       10%         3
 Summon Lightning Spire   Summ/Air       33%        N/A       13%         4
 Cause Fear               Hex            10%        N/A       30%         4
 Silence                  Hex/Air        16%        N/A       36%         5
 Agony                    Necr           21%        N/A       65%         5
 Ozocubu's Refrigeration  Ice            10%        4d9       99%         7
 Dragon Form              Tmut           14%        N/A       100%        7
 Malign Gateway           Summ/Tloc      12%        N/A       100%        7
 Summon Horrible Things   Summ           10%        N/A       100%        8
 Dragon's Call            Summ           10%        N/A       100%        9


Dungeon Overview and Level Annotations

Branches:
Dungeon (13/15)            Temple (1/1) D:6            Lair (2/5) D:8
 Shoals (0/4) Lair:2          Orc (0/2) D:12          Sewer (visited)
 Bailey (visited)
  Snake: Lair:2-3    Spider: Lair:2-3    Vaults: D:13-14

Altars:
Ashenzari
Cheibriados
Dithmenos
Elyvilon
Fedhas
Hepliaklqana
Kikubaaqudgha
Makhleb
Nemelex Xobeh
Okawaru
Qazlal
Ru
Sif Muna
Trog
Uskayaw
Vehumet
Wu Jian
Xom
Yredelemnul
Zin
The Shining One

Shops:
D:1 =*

Annotations:
D:9 3 runed translucent doors, paps's ghost, novice OpSu
D:11 3 runed translucent doors, Onakli's ghost, journeyman DsFi; Pupilyir's ghost, journeyman MiBe; fedoskokos's ghost, journeyman HOFi
D:12 2 transporters, dvd2's ghost, journeyman OpHu
Lair:1 exclusion: oklob plant


Message History

You don't have enough magic to cast this spell.
Unknown command.
The death yak attacks as you move away! The death yak gores you!
* * * LOW HITPOINT WARNING * * *
Casting: Starburst (dangerous; 2% risk of failure)
Confirm with . or Enter, or press ? or * to list all spells.
Casting: Starburst (dangerous; 2% risk of failure)
Press: ? - help, Dir - look around, f - activate
Okay, then.
Okay, then.
Casting: Starburst (dangerous; 2% risk of failure)
Confirm with . or Enter, or press ? or * to list all spells.
Aiming: Stone Arrow (safe; 1% risk of failure)
Press: ? - help, Shift-Dir - straight line, f - death yak
Aim: a death yak (almost dead, 92% to hit)
The stone arrow hits the death yak.
You kill the death yak!
Vehumet accepts your kill.
Unknown command.
Unknown command.
Okay, then.
Blink to where?
Press: ? - help, Dir - move target
As you read the scroll of blinking, it crumbles to dust.
Casting: Stone Arrow (safe; 1% risk of failure)
Confirm with . or Enter, or press ? or * to list all spells.
Casting: Starburst (dangerous; 2% risk of failure)
Press: ? - help, Dir - look around, f - activate The bolt of fire hits the plant!!!
The plant begins to die.
The plant is moderately damaged.
The bolt of fire hits the death yak!!
The death yak is severely wounded.
Unknown command.
Unknown command.
A nearby plant withers and dies.
A rime drake comes into view.
The rime drake hisses angrily.
The rime drake breathes ice at you. The icy flash freeze hits you!
You partially resist.
You die...

### #♣~P# ♣~≈~♣## ~~~~♣P# ~~~~PP#
P.P..~# ###### ######### ......#
####.##.######.##.#.#.
.....#######.....................
.......#PP##....@...Y............
.................................
.........k.......................
...####...##.....................
...## #..†#......................
...(# ##.........................
≈§≈.####.....#.#.#.P#...##...#...
##≈..#P#......#######.####.......
##≈...........P.# ### ........


You could see a death yak and a rime drake (catching breath).

Vanquished Creatures
  Gastronok (D:8)
  Josephine (D:11)
  A catoblepas (D:9)
  A boulder beetle (Lair:1)
  A centaur warrior (D:9)
  Erica (Lair:1)
  4 two-headed ogres
  10 death yaks
  Pikel (D:8)
  An orc knight (Bailey)
  A manticore (Lair:2)
  An ugly thing (D:13)
  A cyclops (D:11)
  Maurice (D:13)
  A black mamba (shapeshifter) (D:13)
  3 gargoyles (D:12)
  Maggie (D:9)
  Psyche (D:8)
  4 kobold demonologists (D:12)
  A cane toad (Lair:2)
  6 komodo dragons
  3 trolls
  6 meliai
  A wind drake (Lair:2)
  A polar bear (Lair:2)
  Grinder (D:6)
  Prince Ribbit (Lair:2)
  9 blink frogs
  A hornet (shapeshifter) (D:9)
  7 wraiths
  29 yaks
  5 slime creatures (D:13)
  A shadow (D:11)
  A wyvern (D:5)
  7 basilisks
  5 vampire mosquitoes
  A steam dragon (D:9)
  3 acid dragons
  7 water moccasins
  5 orc warriors
  An ice beast (shapeshifter) (D:9)
  2 ice beasts
  A sky beast (D:7)
  3 black bears
  3 ogres
  6 wolves (Lair:1)
  14 centaurs
  4 kobold brigands
  2 bullfrogs
  2 gnoll sergeants
  4 scorpions
  12 wights
  11 killer bees (D:7)
  An electric eel (D:10)
  7 howler monkeys
  6 hounds
  A jelly (D:6)
  A gnoll bouda (D:9)
  10 orc priests
  A sleepcap (D:6)
  11 iguanas
  11 orc wizards
  30 gnolls
  7 adders
  2 river rats (Sewer)
  A white imp (D:5)
  6 worms
  3 dart slugs
  65 orcs
  13 endoplasms
  4 giant cockroaches
  7 hobgoblins
  2 jackals (D:5)
  26 kobolds
  5 quokkas
  12 ball pythons
  3 bats
  6 frilled lizards
  13 goblins
  13 rats
  A fire vortex (Lair:2)
470 creatures vanquished.

Notes
Turn   | Place    | Note
-------+----------+-------------------------------------------
     0 | D:1      | ripuliukko the Deep Elf Earth Elementalist began the quest
                  | for the Orb.
     0 | D:1      | Reached XP level 1. HP: 10/10 MP: 6/6
    93 | D:1      | Reached XP level 2. HP: 15/15 MP: 5/8
   474 | D:1      | Found Hexeguko's Assorted Antiques.
   478 | D:1      | Bought a scroll labelled DIDWEAJAWN for 23 gold pieces
   709 | D:1      | Reached XP level 3. HP: 15/19 MP: 8/10
   713 | D:1      | Learned a level 3 spell: Stone Arrow
   847 | D:1      | Found Tiesauf's Jewellery Boutique.
  1240 | D:2      | Reached skill level 4 in Spellcasting
  1244 | D:2      | Reached XP level 4. HP: 24/24 MP: 6/12
  1740 | D:3      | Found a glowing drain.
  1764 | Sewer    | Entered a sewer
  2030 | Sewer    | Reached skill level 5 in Spellcasting
  2095 | Sewer    | Reached XP level 5. HP: 28/28 MP: 8/14
  2222 | Sewer    | Reached skill level 1 in Conjurations
  2222 | Sewer    | Reached skill level 5 in Earth Magic
  2322 | Sewer    | Reached skill level 6 in Spellcasting
  2322 | Sewer    | Reached XP level 6. HP: 26/32 MP: 2/17
  2896 | D:3      | Identified the +1 pair of gloves of Servitude {rPois Str+3}
  3496 | D:4      | Identified the +1 robe of Hiss {rF+ Str+3}
  3686 | D:4      | Noticed a water moccasin
  3690 | D:4      | Killed a water moccasin
  3691 | D:4      | Reached skill level 7 in Spellcasting
  3691 | D:4      | Reached XP level 7. HP: 29/36 MP: 6/19
  3698 | D:4      | Learned a level 6 spell: Starburst
  3819 | D:4      | Reached skill level 1 in Fire Magic
  3935 | D:4      | Found a shimmering blue altar of Sif Muna.
  4021 | D:4      | Found a snail-covered altar of Cheibriados.
  4021 | D:4      | Found an ornate altar of the Wu Jian Council.
  4177 | D:4      | Reached skill level 1 in Evocations
  4284 | D:5      | Entered Level 5 of the Dungeon
  4554 | D:5      | Reached skill level 8 in Spellcasting
  4576 | D:5      | Reached XP level 8. HP: 41/41 MP: 1/22
  4847 | D:5      | Identified a scroll of acquirement
  4850 | D:5      | Acquired the ring "Gicybeig" {rPois MP+9 Int+2 Dex+4}
  5126 | D:5      | Found a blossoming altar of Fedhas.
  5413 | D:6      | Found a staircase to the Ecumenical Temple.
  5452 | Temple   | Entered the Ecumenical Temple
  5564 | D:6      | Reached skill level 9 in Spellcasting
  5691 | D:6      | Noticed Grinder
  5696 | D:6      | Identified the +4 short sword of Calamity {heavy, rCorr
                  | Str+5 Dex+3}
  5699 | D:6      | Killed Grinder
  5916 | D:6      | Identified the +0 leather armour "Iczoez" {-Cast Fly rC+
                  | Dex+5}
  6044 | D:6      | Reached XP level 9. HP: 36/45 MP: 24/24
  6125 | D:6      | Learned a level 4 spell: Iskenderun's Mystic Blast
  6515 | D:7      | Reached skill level 10 in Spellcasting
  6642 | D:7      | Reached skill level 5 in Conjurations
  6990 | D:7      | Found a flagged portal.
  7004 | Bailey   | Entered a bailey
  7068 | Bailey   | Reached skill level 5 in Fire Magic
  7245 | Bailey   | Noticed an orc knight
  7251 | Bailey   | Killed an orc knight
  7676 | D:7      | Reached skill level 5 in Evocations
  7676 | D:7      | Reached XP level 10. HP: 51/51 MP: 17/26
  7832 | D:7      | Acquired a staff of conjuration
  7865 | D:7      | Reached skill level 11 in Spellcasting
  7996 | D:7      | Found a stormy altar of Qazlal.
  8579 | D:8      | Found an iron altar of Okawaru.
  8744 | D:8      | Noticed Psyche
  8749 | D:8      | Killed Psyche
  8791 | D:8      | Noticed Pikel
  8794 | D:8      | Killed Pikel
  8807 | D:8      | Noticed Gastronok
  8809 | D:8      | HP: 1/51 [Gastronok/the air (29)]
  8820 | D:8      | Killed Gastronok
  8821 | D:8      | Reached skill level 10 in Earth Magic
  9056 | D:8      | Found a staircase to the Lair.
  9105 | D:8      | Reached skill level 12 in Spellcasting
  9620 | D:9      | Found a burning altar of Makhleb.
  9622 | D:9      | Found a radiant altar of Vehumet.
  9623 | D:9      | Found a broken altar of Ashenzari.
  9623 | D:9      | Found a runed translucent gate.
  9668 | D:9      | Became a worshipper of Vehumet
  9780 | D:9      | Noticed a two-headed ogre
  9788 | D:9      | Killed a two-headed ogre
  9810 | D:9      | Reached XP level 11. HP: 13/55 MP: 29/29
 10549 | D:9      | Found a runed translucent gate.
 10549 | D:9      | Found a runed translucent gate.
 10550 | D:9      | Noticed paps's ghost (novice OpSu)
 10789 | D:9      | Noticed a centaur warrior
 10813 | D:9      | Killed a centaur warrior
 10950 | D:9      | Noticed a catoblepas
 10960 | D:9      | Killed a catoblepas
 10960 | D:9      | Reached * piety under Vehumet
 10960 | D:9      | Offered knowledge of Foxfire by Vehumet.
 11215 | D:9      | Noticed Maggie
 11222 | D:9      | Killed Maggie
 11271 | D:10     | Entered Level 10 of the Dungeon
 11436 | D:10     | Identified the +7 spear of Strategic Superiority {freeze,
                  | Str-4 Int+5}
 11462 | D:10     | Noticed a two-headed ogre
 11472 | D:10     | Killed a two-headed ogre
 11473 | D:10     | Reached skill level 1 in Translocations
 11622 | D:10     | Identified the +1 leather armour of the Pirate {rC+ SInv
                  | Stlth+}
 11764 | D:10     | Reached skill level 13 in Spellcasting
 12134 | D:10     | You fall into a shaft and drop 1 floor!
 12178 | D:11     | Reached skill level 1 in Fighting
 12296 | D:11     | Reached ** piety under Vehumet
 12403 | D:11     | Offered knowledge of Poisonous Vapours by Vehumet.
 12592 | D:11     | Reached skill level 1 in Armour
 12595 | D:11     | Reached skill level 1 in Staves
 12816 | D:11     | Noticed Josephine
 12816 | D:11     | Noticed a two-headed ogre
 13369 | D:11     | Reached XP level 12. HP: 54/60 MP: 27/31
 13404 | D:11     | Found a runed translucent gate.
 13404 | D:11     | Found a runed translucent gate.
 13404 | D:11     | Found a runed translucent gate.
 13411 | D:11     | Noticed fedoskokos's ghost (journeyman HOFi)
 13411 | D:11     | Noticed Onakli's ghost (journeyman DsFi)
 13411 | D:11     | Noticed Pupilyir's ghost (journeyman MiBe)
 13473 | D:11     | Killed Josephine
 13657 | D:11     | Killed a two-headed ogre
 13956 | D:11     | Reached skill level 14 in Spellcasting
 14377 | D:12     | Learned a level 4 spell: Airstrike
 14508 | D:12     | Found a transporter.
 14511 | D:12     | Noticed dvd2's ghost (journeyman OpHu)
 14514 | D:12     | Noticed a catoblepas
 14515 | D:12     | Noticed a catoblepas
 14528 | D:12     | Noticed an eight-headed hydra
 14537 | D:12     | HP: 3/60 [gargoyle/+0 mace (11)]
 14750 | D:12     | Found a transporter.
 15019 | D:12     | Noticed a two-headed ogre
 15024 | D:12     | Killed a two-headed ogre
 15024 | D:12     | Offered knowledge of Scorch by Vehumet.
 15025 | D:12     | Reached skill level 1 in Air Magic
 15111 | D:12     | Found a staircase to the Orcish Mines.
 15376 | D:12     | Found a sacrificial altar of Ru.
 15647 | D:13     | Identified the +11 flail "Woamamma" {freeze, rPois Int+3}
 15691 | D:13     | Learned a level 3 spell: Swiftness
 15818 | D:13     | Noticed Maurice
 15826 | D:13     | Killed Maurice
 15832 | D:13     | Reached *** piety under Vehumet
 15833 | D:13     | Reached skill level 1 in Short Blades
 16381 | D:13     | Reached skill level 10 in Conjurations
 16382 | D:13     | Offered knowledge of Ignite Poison by Vehumet.
 16389 | D:13     | Noticed a yaktaur captain
 16643 | Lair:1   | Entered Level 1 of the Lair of Beasts
 16678 | Lair:1   | Noticed Erica
 16689 | Lair:1   | Killed Erica
 16975 | Lair:1   | Noticed a death yak
 16978 | Lair:1   | Noticed a death yak
 16985 | Lair:1   | Killed a death yak
 16986 | Lair:1   | Reached XP level 13. HP: 67/67 MP: 30/33
 17004 | Lair:1   | Reached **** piety under Vehumet
 17009 | Lair:1   | Learned a level 3 spell: Ignite Poison
 17223 | Lair:1   | Offered knowledge of Iskenderun's Battlesphere by Vehumet.
 17243 | Lair:1   | Learned a level 5 spell: Iskenderun's Battlesphere
 18092 | Lair:2   | Reached skill level 15 in Spellcasting
 18152 | Lair:2   | Noticed Prince Ribbit
 18169 | Lair:2   | Killed Prince Ribbit
 18227 | Lair:2   | Found a staircase to the Shoals.
 18362 | Lair:2   | Killed from afar by a rime drake

Illustrated notes

Levels and vault maps discovered:
D:1:      dpeg_arrival_tiny_d, layout_basic, serial_shops,
          nicolae_shop_behind_doors, nicolae_shop_real_fake_doors, minivault_14
D:2:      layout_loops_ring
D:3:      layout_rooms, portal_sewer_entry_a, grunt_ministairs_3,
          reono_crystal_passage
D:4:      minmay_diamond_boxcup, layout_basic, mainiacjoe_overflow_divided_tiny,
          mainiacjoe_overflow_concentric_impassable, dreamdust_wishing_well
D:5:      nicolae_cairo_tiling_large_dashed, layout_basic, lemuel_tele_altar,
          minmay_misc_feat_rows
D:6:      minmay_evil_eye, layout_gridville, minmay_temple_entry_grid,
          uniq_grinder
D:7:      layout_basic, nicolae_qazlal_beasts_of_the_sky, enter_bailey_2,
          grunt_ministairs_4
D:8:      layout_loops_ring, nicolae_overflow_hidden_temple,
          kennysheep_okawaru_gauntlet, lair_entry_dummy, uniq_pikel,
          uniq_gastronok, uniq_psyche
D:9:      minmay_shrinking_squares, layout_stronghold,
          grunt_temple_overflow_open, serial_column_ruins,
          column_ruins_corridor_corner, column_ruins_grid_1,
          column_ruins_open_tiny, column_ruins_columns_straight,
          column_ruins_grid_1, column_ruins_columns_corner,
          gammafunk_ghost_necromancy, kennysheep_nub, uniq_maggie
D:10:     layout_basic
D:11:     layout_cave_pods, gammafunk_ghost_cemetery, uniq_josephine
D:12:     layout_stronghold, orc_0_dummy, gammafunk_ghost_berserking_beasts,
          nicolae_ru_path_of_blood
D:13:     layout_loops_ring, david_vaults_2, uniq_maurice
Temple:   nicolae_temple_hex_pool
Lair:1:   beast_lair_carwin_large_4, layout_cave_pods,
          infiniplex_staircase_pool_2, uniq_erica
Lair:2:   layout_gridlike, minmay_shoals_entry_beasts, grunt_megastairs_5,
          serial_bayou_shore_b, lemuel_fruit_fields, uniq_prince_ribbit2

Skill      XL: |  1  2  3  4  5  6  7  8  9 10 11 12 13 |
---------------+----------------------------------------+-----
Earth Magic    | 4 5 6 7 8 10 11 12 | 12.5
Stealth        | 3 |  3.6
Spellcasting   | 4 5 6 7 8 9 10 12 13 14 15 | 15.3
Conjurations   | 1 2 4 5 7 8 10 | 10.7
Fire Magic     | 2 4 5 6 7 8 9 |  9.3
Evocations     | 1 3 5 6 7 8 |  8.6
Dodging        | 3 |  3.8
Translocations | 1 |  1.3
Fighting       | 1 2 3 |  3.1
Armour         | 1 2 4 |  4.1
Staves         | 1 3 |  3.0
Air Magic      | 2 4 |  4.2
Short Blades   | 1 2 |  2.4
Throwing       | |  0.1
Transmutations | |  1.1

Action                     |  1- 3 |  4- 6 |  7- 9 | 10-12 | 13-15 || total
---------------------------+-------+-------+-------+-------+-------++-------
  Melee: Dagger            |     7 |     6 |     5 |       |       ||    18
         Staff             |       |       |     1 |    10 |     9 ||    20
         Unarmed           |       |       |       |     1 |       ||     1
  Throw: Dart              |       |       |       |       |     2 ||     2
         Throwing net      |       |       |       |       |     2 ||     2
   Cast: Sandblast         |    42 |    89 |    64 |   112 |    27 ||   334
         Stone Arrow       |     5 |    19 |    89 |   193 |    16 ||   322
         Iskenderun's Myst |       |       |     2 |    14 |       ||    16
         Starburst         |       |       |       |    36 |    48 ||    84
         Airstrike         |       |       |       |     4 |       ||     4
         Iskenderun's Batt |       |       |       |       |     2 ||     2
  Evoke: Wand              |       |       |     7 |    25 |       ||    32
    Use: Scroll            |       |     1 |    18 |    13 |     2 ||    34
         Potion            |       |     1 |     2 |     8 |     2 ||    13
   Stab: Sleeping          |     2 |     1 |     1 |     1 |       ||     5
 Armour: Robe              |     5 |    10 |    17 |    21 |       ||    53
         Leather armour    |       |       |       |    34 |    12 ||    46
  Dodge: Dodged            |    14 |    29 |    64 |   110 |    42 ||   259
